AoeStats
← akbolso

Arabia

509770255Analyzed
1v1 RM · 3d ago on Sep 28, 2026· 36m 30s· 2 players
Game mode
Random Map
Map size
Tiny (2 player)
Population
200
Speed
Normal
Resources
Standard
Victory
Conquest
Starting age
Dark Age
Ending age
Imperial Age
RankedLock teamsTeams togetherTeam positionsShared explorationLock speedFull tech treeHidden civsTurbo modeCheats
Victory
Defeat
1001
+17
🇺🇾 Malians · Uruguay
1017
-17
Pantaleón I <Ciruja de Orleans>
3:33 Loom
9:04 Feudal Age
10:22 Double-Bit Axe
10:20 Horse Collar
16:47 Wheelbarrow
19:56 Castle Age
18:23 Fletching
19:04 Gold Mining
18:56 Horse Collar
20:47 Bodkin Arrow
22:54 Thumb Ring
23:52 Town Watch
25:16 Ballistics
25:41 Padded Archer Armor
26:14 Parthian Tactics
27:28 Husbandry
27:38 Bloodlines
29:51 Bow Saw
30:43 Padded Archer Armor
33:22 Town Patrol
34:12 Bloodlines
akbolso
7:55 Loom
10:06 Feudal Age
10:16 Man-at-Arms
10:52 Double-Bit Axe
17:47 Arson
22:17 Castle Age
21:28 Forging
22:19 Scale Mail Armor
22:46 Long Swordsman
23:27 Squires
24:19 Chain Mail Armor
23:44 Elite Skirmisher
24:39 Fletching
25:16 Padded Archer Armor
28:42 Bodkin Arrow
32:43 Ballistics
34:54 Thumb Ring
Connection lost

Rejoining the realm…

Still unreachable

The connection could not be restored.

Session expired

The server has moved on; the page needs a fresh start.